 Dungeon Crawl Stone Soup version 0.16-a0-4112-g89a4107 (webtiles) character file.

665 timbw the Chopper (level 7, -4/57 HPs)
             Began as a Centaur Fighter on Feb 27, 2015.
             Was a Follower of the Shining One.
             Killed by divine providence
             ... invoked by an orc priest
              (10 damage)
             ... on level 7 of the Dungeon.
             The game lasted 00:09:42 (2462 turns).

timbw the Chopper (Centaur Fighter)                 Turns: 2462, Time: 00:09:42

Health: -4/57      AC:  8    Str: 20    XL:     7   Next: 31%
Magic:  5/5        EV:  0    Int:  7    God:    the Shining One [*.....]
Gold:   145        SH: 12    Dex:  9    Spells: 0 memorised, 6 levels left

rFire  . . .     SeeInvis .     a - +0 war axe
rCold  . . .     Clarity  .     D - +0 plate armour
rNeg   . . .     SustAb   .     q - +0 large shield
rPois  .         Gourm    .     (no helmet)
rElec  .         Spirit   .     (no cloak)
rCorr  .         Warding  .     r - -2 pair of gloves (curse)
rMut   .         Stasis   .     (no barding)
MR     .....                    j - amulet of faith
Stlth  ..........               (no ring)
                                (no ring)

@: glowing, very quick, not resistant to hostile enchantments, extremely
unstealthy
A: hooves 3, deformed body, speed 2, tough skin 3
a: Renounce Religion


You were on level 7 of the Dungeon.
You worshipped the Shining One.
The Shining One was aware of your devotion.
You were not hungry.

You visited 2 branches of the dungeon, and saw 8 of its levels.

You collected 145 gold pieces.

Inventory:

Hand weapons
 a - a +0 war axe (weapon)
 e - a cursed +2 battleaxe
 i - a +0 blowgun
 v - a +0 hand crossbow
Missiles
 o - 9 poisoned needles
 s - 2 javelins (quivered)
 w - 13 bolts
 x - 4 tomahawks of dispersal
Armour
 b - a +0 scale mail
 c - a +0 shield
 p - a +0 chain mail
 q - a +0 large shield (worn)
 r - a cursed -2 pair of gloves (worn)
 u - a +0 pair of gloves
 D - a +0 plate armour (worn)
Jewellery
 j - an amulet of faith (around neck)
Magical devices
 A - a wand of cold (7)
 C - a wand of frost (17)
 E - a wand of slowing (25)
Scrolls
 f - 5 scrolls of remove curse
 y - a scroll of teleportation
Potions
 g - a potion of restore abilities
 h - a potion of invisibility {unknown}
 k - 2 potions of poison
 l - 2 potions of brilliance
 n - a potion of beneficial mutation {unknown}
 B - a potion of curing
Comestibles
 d - 4 bread rations
 m - a beef jerky
 t - 2 meat rations
 z - a slice of pizza


   Skills:
 + Level 3.6 Fighting
 * Level 7.3 Axes
 - Level 2.1 Armour
 - Level 2.1 Shields


You had 6 spell levels left.
You didn't know any spells.

Dungeon Overview and Level Annotations

Branches:
Dungeon (7/15)             Temple (1/1) D:4

Altars:
Ashenzari
Cheibriados
Gozag
Kikubaaqudgha
Nemelex Xobeh
Okawaru
Qazlal
Ru
Sif Muna
Vehumet
Xom
Zin
The Shining One


Innate Abilities, Weirdness & Mutations

You have hooves in place of feet.
Armour fits poorly on your strangely shaped body.
You cover ground very quickly.
You have extremely tough skin (AC +3).


Message History

You hit the orc priest. You kick the orc priest.
The orc priest is heavily wounded.
The orc priest hits you but does no damage.
You hit the orc priest but do no damage.
You kick the orc priest.
The orc priest is severely wounded.
You block the orc priest's attack.
The orc priest invokes the aid of Beogh against you.
Something smites you! You block the orc priest's attack.
You hit the orc priest.
The orc priest is almost dead.
The orc priest mumbles some strange prayers to Beogh against you.
Something smites you!
* * * LOW HITPOINT WARNING * * *
The orc priest invokes the aid of Beogh against you.
Something smites you!
* * * LOW HITPOINT WARNING * * *
The orc priest mumbles some strange prayers to Beogh against you.
Something smites you!
You die...

#...........#
#...........#
#...........#
#...........#
#.)..#......#
##.###......# #.#
#......# #.#
#..>...# #.#
##@######
....##.####o#......
!.S..o.oo..o........
.>.###{####.#......
#.# #.##.#... ...
... .# ## .?. ..## #
... .## ... .#


You could see 2 orc priests.

Vanquished Creatures
  An orc warrior (D:7)
  A giant frog (D:7)
  4 wights (D:6)
  A crimson imp (D:5)
  A hound (D:4)
  A goliath beetle (D:6)
  3 orc wizards
  A centaur skeleton (D:6)
  A quasit (D:7)
  A worker ant (D:4)
  6 adders
  A giant mite (D:3)
  2 worms
  An adder zombie (D:5)
  A giant gecko (D:5)
  6 orcs
  4 bats
  3 giant cockroaches
  6 hobgoblins
  3 jackals (D:3)
  7 kobolds
  2 quokkas
  4 giant newts
  3 goblins
  A quokka skeleton (D:4)
  2 rats
  5 ballistomycetes
72 creatures vanquished.

Vanquished Creatures (others)
  2 orc wizards (D:7)
  2 giant spores
4 creatures vanquished.

Grand Total: 76 creatures vanquished

Notes
Turn   | Place    | Note
--------------------------------------------------------------
     0 | D:1      | timbw, the Centaur Fighter, began the quest for the Orb.
     0 | D:1      | Reached XP level 1. HP: 19/19 MP: 1/1
   144 | D:2      | Reached XP level 2. HP: 21/26 MP: 2/2
   275 | D:3      | Reached XP level 3. HP: 19/31 MP: 3/3
   566 | D:3      | Reached XP level 4. HP: 28/38 MP: 3/3
   693 | D:3      | Reached skill level 4 in Axes
   966 | D:4      | Reached XP level 5. HP: 14/45 MP: 4/4
  1230 | D:4      | Found a staircase to the Ecumenical Temple.
  1296 | Temple   | Entered the Ecumenical Temple
  1339 | Temple   | Became a worshipper of the Shining One
  1391 | D:5      | Entered Level 5 of the Dungeon
  1453 | D:5      | Reached skill level 5 in Axes
  1982 | D:6      | Reached XP level 6. HP: 51/51 MP: 5/5
  1984 | D:6      | Reached skill level 6 in Axes
  1994 | D:6      | Acquired the Shining One's first power
  2074 | D:6      | Found a radiant altar of Vehumet.
  2249 | D:7      | Reached skill level 7 in Axes
  2249 | D:7      | Reached XP level 7. HP: 20/57 MP: 5/5
  2462 | D:7      | Killed from afar by an orc priest

Action                   |  1- 3 |  4- 6 |  7- 9 || total
-------------------------+-------+-------+-------++-------
Melee: War axe           |    92 |   179 |    30 ||   301
Evoke: Wand              |       |       |     1 ||     1
  Use: Potion            |     1 |     5 |       ||     6
       Scroll            |       |     5 |       ||     5
  Eat: Chunk             |       |     4 |       ||     4
